 Dungeon Crawl Stone Soup version 0.31-a0-174-g85c54bcb58 (webtiles) character file.

Game seed: 11467633342652915370

98 qw the Shooter (level 4, -5/28 HPs)
             Began as a Gargoyle Hunter on June 15, 2023.
             Slain by a gnoll
             ... wielding a +0 halberd
             ... led by a gnoll sergeant
              (7 damage)
             ... on level 3 of the Dungeon.
             The game lasted 00:00:47 (1386 turns).

qw the Shooter (Gargoyle Hunter)                    Turns: 1386, Time: 00:00:48

Health: -5/28      AC:  9    Str: 15    XL:     4   Next: 69%
Magic:  4/4        EV: 11    Int:  9    God:
Gold:   99         SH:  0    Dex: 15    Spells: 3/3 levels left

rFire   . . .        Y - +0 shortbow
rCold   . . .        (shield currently unavailable)
rNeg    + . .        e - +0 ring mail
rPois   inf          d - +0 helmet
rElec   +            (no cloak)
rCorr   .            (no gloves)
SInv    .            (no boots)
Will    .....        (no amulet)
Stlth   +            (no ring)
HPRegen 0.24/turn    (no ring)
MPRegen 0.09/turn

%: no passive effects
@: no status effects
A: sickness immunity, AC +3, negative energy resistance 1, electricity
resistance, torment resistance 1, petrification resistance
a: no special abilities


You were on level 3 of the Dungeon.
You visited 1 branch of the dungeon, and saw 3 of its levels.

You collected 99 gold pieces.


Innate Abilities, Weirdness & Mutations

You are immune to sickness and miasma.
Your stone body is resilient. (AC +3)
You are immune to poison.
You resist negative energy. (rN+)
You are resistant to electric shocks. (rElec)
You are resistant to unholy torment.
You are immune to petrification.


   Skills:
 - Level 3.0 Fighting
 + Level 5.4 Ranged Weapons
 - Level 1.0 Armour
 - Level 1.5 Dodging
 - Level 1.1 Stealth


You had 3 spell levels left.
You didn't know any spells.
Your spell library was empty.

Inventory:

Hand Weapons
 Y - a +0 shortbow (weapon)
Armour
 d - a +0 helmet (worn)
 e - a +0 ring mail (worn)
Scrolls
 g - a scroll of identify
Potions
 b - 2 potions of haste
 i - a potion of mutation {unknown}
 k - a potion of lignification {unknown}

Dungeon Overview and Level Annotations

Branches:
Dungeon (3/15)

Altars:
Vehumet

Shops:
D:2 =


Message History

You shoot an arrow. The arrow hits the gnoll.
The gnoll is heavily wounded.
The gnoll hits you but does no damage.
You shoot an arrow. The arrow hits the gnoll!
You kill the gnoll!
Your Armour skill increases to level 1!
A gnoll sergeant comes into view. It is wielding a +1 heavy spear.
You shoot an arrow.
The arrow hits the gnoll sergeant but does no damage.
The gnoll sergeant shouts!
You shoot an arrow. The arrow hits the gnoll sergeant.
The gnoll sergeant is moderately wounded.
A gnoll comes into view. It is wielding a +0 flail.
You shoot an arrow.
The arrow barely misses the gnoll sergeant.
The gnoll shouts!
The arrow hits the gnoll.
The gnoll is moderately wounded.
You shoot an arrow.
The arrow hits the gnoll sergeant but does no damage.
The gnoll sergeant is moderately wounded.
A gnoll comes into view. It is wielding a +0 halberd.
You shoot an arrow. The gnoll shouts!
The arrow hits the gnoll sergeant but does no damage.
The gnoll sergeant is moderately wounded.
The gnoll sergeant hits you from afar with a +1 heavy spear!
You shoot an arrow. The arrow hits the gnoll sergeant!
The gnoll sergeant is heavily wounded.
You shoot an arrow. The arrow hits the gnoll sergeant!
The gnoll sergeant is severely wounded.
The gnoll sergeant hits you from afar with a +1 heavy spear.
You shoot an arrow. The arrow hits the gnoll.
The gnoll is severely wounded.
The gnoll sergeant hits you from afar with a +1 heavy spear!
You shoot an arrow. The arrow barely misses the gnoll.
The gnoll closely misses you. The gnoll barely misses you.
The gnoll sergeant hits you but does no damage.
The gnoll hits you from afar with a +0 halberd!
You die...

#/.# ##.# ####.####
#..)....# #...#...#
#.......# ##.#._.#:#
#........###############
.....#......%...@.g.....
##.......#.##...g.g..###
##........##..).....#
###########........#
#........# #........#
#........# ##..######
#.##


You could see a gnoll sergeant and 2 gnolls.

Vanquished Creatures
  Robin (D:2)
  An adder (D:2)
  A gnoll (D:3)
  A worm (D:2)
  2 dart slugs
  10 ball pythons
  3 endoplasms
  3 giant cockroaches
  11 goblins
  6 hobgoblins
  6 kobolds
  4 quokkas
  4 bats
  A frilled lizard (D:1)
  5 rats
59 creatures vanquished.

Notes
Turn   | Place    | Note
-------+----------+-------------------------------------------
     0 | D:1      | qw the Gargoyle Hunter began the quest for the Orb.
     0 | D:1      | Reached XP level 1. HP: 12/12 MP: 1/1
     0 | D:1      | 0 ||| qw: Version: 0.2-a-29-g511e9b1
     0 | D:1      | 0 ||| qw: Game counter: 5616
     0 | D:1      | 0 ||| qw: Always use a shield: true
     0 | D:1      | 0 ||| qw: God list: Okawaru
     0 | D:1      | 0 ||| qw: Allow faded altars: false
     0 | D:1      | 0 ||| qw: Do Orc after D:15 true
     0 | D:1      | 0 ||| qw: Do second Lair branch before Depths: true
     0 | D:1      | 0 ||| qw: Lair rune preference: random
     0 | D:1      | 0 ||| qw: Plans: Normal, Zot:1-4, Slime:5, God:TSO, Crypt,
                  | Tomb, Abyss, Pan, Hells, Win
     0 | D:1      | 0 ||| PLANNING D:1-11
   122 | D:1      | Reached XP level 2. HP: 17/17 MP: 2/2
   165 | D:1      | 165 ||| FLEEEEING.
   166 | D:1      | 166 ||| FLEEEEING.
   167 | D:1      | 167 ||| FLEEEEING.
   168 | D:1      | 168 ||| FLEEEEING.
   502 | D:1      | Reached XP level 3. HP: 21/21 MP: 3/3
   607 | D:1      | 607 ||| READING scroll labelled SOYDIER YSI.
   608 | D:1      | 608 ||| READING scroll labelled BEMIZY YHUUCKO.
   609 | D:1      | 609 ||| READING scroll labelled IHAXZOSKUMI.
   610 | D:1      | 610 ||| READING scroll labelled APOOTA XYMP.
   611 | D:1      | 611 ||| DROPPING scroll of butterflies.
   638 | D:2      | Reached skill level 5 in Ranged Weapons
   747 | D:2      | 747 ||| Stepping ~*~*~tactically~*~*~ (outnumbered).
   808 | D:2      | Reached skill level 3 in Fighting
   928 | D:2      | Reached XP level 4. HP: 28/28 MP: 4/4
   933 | D:2      | Noticed Robin
   941 | D:2      | Killed Robin
   985 | D:2      | Found a faded altar of an unknown god.
  1280 | D:2      | Found Naazuple's Jewellery Shoppe.
  1285 | D:2      | 1285 ||| SHOPLISTING amulet of Ynozxoishre {Faith *Slow
                  | rPois Dex+3} (726 gold, have 76).
  1285 | D:2      | 1285 ||| SHOPLISTING amulet of the acrobat (420 gold, have
                  | 76).
  1285 | D:2      | 1285 ||| SHOPLISTING ring "Gonepn" {Ice Str+3 Dex+3} (624
                  | gold, have 76).
  1285 | D:2      | 1285 ||| SHOPLISTING ring of protection from fire (350
                  | gold, have 76).
  1285 | D:2      | 1285 ||| SHOPLISTING ring of willpower (350 gold, have 76).
  1285 | D:2      | 1285 ||| UPGRADING to +0 helmet.
  1290 | D:2      | 1290 ||| UPGRADING to +0 ring mail.
  1300 | D:2      | 1300 ||| DROPPING +0 leather armour.
  1301 | D:2      | 1301 ||| READING 2 scrolls labelled GYN NEINOARCHI.
  1302 | D:2      | 1302 ||| READING scroll labelled WAAWKU HEYRI.
  1303 | D:2      | 1303 ||| READING scroll labelled DURUNALUFOP.
  1307 | D:2      | 1307 ||| READING 2 scrolls of identify.
  1307 | D:2      | 1307 ||| IDENTIFYING metallic cyan potion
  1308 | D:2      | 1308 ||| DROPPING scroll of fog.
  1309 | D:2      | 1309 ||| DROPPING potion of invisibility.
  1349 | D:3      | Found a radiant altar of Vehumet.
  1376 | D:3      | Reached skill level 1 in Armour
  1377 | D:3      | Noticed a gnoll sergeant
  1385 | D:3      | HP: 2/28 [gnoll sergeant/+1 heavy spear (11)]
  1386 | D:3      | Slain by a gnoll

Levels and vault maps discovered:
D:1:      giann_wishing_wells, layout_loops_cross, glass_columns_a,
          dreamdust_mushroom_princess
D:2:      layout_loops_ring, chequers_ecumenical_altar_simple, serial_shops,
          shop, uniq_robin
D:3:      layout_basic, vehumet_altar_wand_db, mainiacjoe_overflow_24_doors,
          kennysheep_minor_cross, amcnicky_mini_rare_corridor_liquid,
          minmay_misc_feat_doors

Skill      XL: |  1  2  3  4 |
---------------+-------------+-----
Ranged Weapons | 5 |  5.4
Fighting       | 3 |  3.0
Armour         | 1 |  1.0
Dodging        | |  1.5
Stealth        | |  1.1

Action                     |  1- 3 |  4- 6 || total
---------------------------+-------+-------++-------
   Fire: Shortbow          |   125 |    63 ||   188
    Use: Scroll            |     4 |     4 ||     8
 Armour: Leather armour    |    25 |     2 ||    27
         Ring mail         |       |     4 ||     4
  Dodge: Dodged            |    42 |    20 ||    62

Table legend:
 A = Non-vault XP
 B = Vault XP
 C = Vault XP percentage of total XP
 D = Non-vault monster count
 E = Vault monster count
 F = Vault count percentage of total count
                 A         B        C        D         E       F
            +---------+---------+-------+---------+---------+-------
      Total |     107 |      33 |  23.6 |      48 |      11 |  18.6
            +---------+---------+-------+---------+---------+-------
        D:1 |      37 |       0 |   0.0 |      22 |       0 |   0.0
        D:2 |      54 |      31 |  36.5 |      24 |      10 |  29.4
        D:3 |      16 |       2 |  11.1 |       2 |       1 |  33.3
            +---------+---------+-------+---------+---------+-------
